 Dungeon Crawl Stone Soup version 0.20-a0-1089-g3fde505 (webtiles) character file.

111 Alarkh the Chopper (level 4, 20/35 HPs)
             Began as a Demonspawn Monk on May 3, 2017.
             Got out of the dungeon alive.
             The game lasted 00:01:43 (2309 turns).

Alarkh the Chopper (Demonspawn Monk)                Turns: 2309, Time: 00:01:44

Health: 20/35      AC:  2    Str: 11    XL:     4   Next: 62%
Magic:  4/4        EV: 13    Int: 12    God:
Gold:   104        SH:  0    Dex: 16    Spells: 3/3 levels left

rFire    . . .     SeeInvis .   a - +0 hand axe
rCold    . . .     Gourm    .   (no shield)
rNeg     . . .     Faith    .   b - +0 robe
rPois    .         Spirit   .   (helmet restricted)
rElec    .         Reflect  .   (no cloak)
rCorr    .         Harm     .   (no gloves)
MR       .....                  (no boots)
Stlth    ++........             (no amulet)
Regen    0.2/turn               (no ring)
MPRegen  0.1/turn               (no ring)

@: no status effects
A: antennae 1, powered by death 2
a: no special abilities


You escaped.
You were not hungry.

You visited 1 branch of the dungeon, and saw 2 of its levels.

You collected 104 gold pieces.

Inventory:

Hand Weapons
 a - a +0 hand axe (weapon)
Armour
 b - a +0 robe (worn)
Jewellery
 h - an uncursed ring of fire
Scrolls
 d - a scroll of recharging {unknown}
 e - a scroll of identify
 g - a scroll of immolation {unknown}
 i - 2 scrolls of remove curse {unknown}
Potions
 k - a potion of heal wounds {unknown}
Comestibles
 c - 5 bread rations
 f - 3 royal jellies


   Skills:
 - Level 3.0 Fighting
 + Level 5.0 Axes
 - Level 2.6 Dodging
 - Level 1.7 Stealth


You had 3 spell levels left.
You didn't know any spells.

Dungeon Overview and Level Annotations

Branches:
Dungeon (2/15)

Altars:
Sif Muna


Innate Abilities, Weirdness & Mutations

You have a pair of small antennae on your head.
You regenerate health from kills.


Message History

You are too injured to fight recklessly!
The goblin barely misses you.
You hit the goblin but do no damage. The goblin hits you but does no damage.
You closely miss the goblin. The goblin hits you with a dagger.
* * * LOW HITPOINT WARNING * * *
You slash the goblin!
You kill the goblin!
Your Axes skill increases to level 5!
Things that are here:
a dagger; a goblin corpse
There is a stone staircase leading up here.
You climb upwards.
There is a stone staircase leading down here.
Eating a chunk of flesh.
You eat the chunk of flesh.
This raw flesh tastes terrible.
You see here a robe.
There is an open door here.
There is a staircase leading out of the dungeon here.
Are you sure you want to leave the Dungeon?
This will make you lose the game!
You have escaped!

#.........
#.......##
#......##.
#......##.
#......##.
#######.#####
########...# #.#
#.....##.8.# #.#
#..@..##...# #.#
#.....##...###.#
#.....##.≈.#...#
#.....'..≈.#.###
#.....##.≈.#.#
#.....##.≈.#.#
#.....##...#.#
########.....#
#######


There were no monsters in sight!

Vanquished Creatures
  Jessica (D:2)
  Robin (D:2)
  2 adders (D:2)
  2 dart slugs
  2 leopard geckos (D:2)
  A ball python (D:2)
  4 bats
  3 giant cockroaches
  10 hobgoblins
  2 frilled lizards
  11 goblins
  2 kobolds
  9 rats
50 creatures vanquished.

Notes
Turn   | Place    | Note
-------+----------+-------------------------------------------
     0 | D:1      | Alarkh the Demonspawn Monk began the quest for the Orb.
     0 | D:1      | Reached XP level 1. HP: 18/18 MP: 1/1
    66 | D:1      | Reached skill level 3 in Axes
   294 | D:1      | Gained mutation: You regenerate a little health from kills. [demonic ancestry]
   294 | D:1      | Reached XP level 2. HP: 19/24 MP: 2/2
   917 | D:2      | Gained mutation: You regenerate health from kills. [demonic ancestry]
   917 | D:2      | Reached XP level 3. HP: 29/29 MP: 3/3
  1279 | D:2      | Reached skill level 4 in Axes
  1516 | D:2      | Found a deep blue altar of Sif Muna.
  2115 | D:2      | Noticed Jessica
  2130 | D:2      | Killed Jessica
  2130 | D:2      | Gained mutation: You have a pair of small antennae on your head. [demonic ancestry]
  2130 | D:2      | Reached XP level 4. HP: 29/35 MP: 4/4
  2206 | D:2      | Noticed Robin
  2229 | D:2      | Killed Robin
  2239 | D:2      | Reached skill level 5 in Axes
  2309 | D:$      | Got out of the dungeon alive.

Vault maps used:
D:1:      dpeg_arrival_rooms_c, minmay_pentomino_q4
D:2:      overflow_temple_1_default, first_bread, minmay_close_crescents,
          uniq_jessica, uniq_robin

Skill      XL: |  1  2  3  4 |
---------------+-------------+-----
Axes           | 3 4 5 |  5.0
Fighting       | |  3.0
Dodging        | |  2.6
Stealth        | |  1.7

Action                   |  1- 3 |  4- 6 || total
-------------------------+-------+-------++-------
Melee: Hand axe          |   152 |    26 ||   178
  Use: Scroll            |     1 |       ||     1
       Potion            |       |     1 ||     1
 Stab: Sleeping          |     5 |       ||     5
  Eat: Chunk             |     3 |     2 ||     5
Armor: Robe              |    31 |     1 ||    32
Dodge: Dodged            |    99 |    18 ||   117
